MLB
CALIFORNIA ANGELS @ MONTREAL EXPOS
09/27/2049
 
TOP OF THE 1ST
California Angels batting - Pitching for Montreal Expos : RHP Cheng-ho Hsu
Pitching: RHP Cheng-ho Hsu
Batting: LHB Rusty Ney 0-0: SINGLE (Groundball, 4MD, EV 104.4 MPH)
Batting: RHB Nick Dunn 0-0: Ball
1-0: Called Strike
1-1: Foul Ball, location: 2F
1-2: Ball
2-2: Foul Ball, location: 2F
2-2: DOUBLE (Flyball, 8RXD, EV 113.1 MPH)
Rusty Ney to third
Rusty Ney scores
Batting: RHB Preston Deakyne 0-0: Foul Ball, location: 2F
0-1: Fly out, F4 (Popup, 4D, EV 58.1 MPH)
Batting: LHB Mark Reeg 0-0: Ball
1-0: Foul Ball, location: 2F
1-1: Called Strike
1-2: Strikes out swinging
Batting: RHB Alain Delhaye 0-0: Ball
1-0: Ball
2-0: TRIPLE (Line Drive, 89XD, EV 98.8 MPH)
Nick Dunn scores
Batting: LHB Jonathon Walton 0-0: Ball
1-0: Ground out 1-3 (Groundball, 13, EV 69.4 MPH)
Top of the 1st over - 2 runs, 3 hits, 0 errors, 1 left on base; California 2 - Montreal 0
BOTTOM OF THE 1ST
Montreal Expos batting - Pitching for California Angels : RHP Harambe Vick
Pitching: RHP Harambe Vick
Batting: LHB Mark Marvin 0-0: Called Strike
0-1: Ball
1-1: Swinging Strike
1-2: Ball
2-2: Strikes out swinging
Batting: RHB Steve French 0-0: Called Strike
0-1: Foul Ball, location: 2F
0-2: Ball
1-2: Foul Ball, location: 2F
1-2: Ball
2-2: Ball
3-2: Ground out 6-3 (Groundball, 6, EV 85.0 MPH)
Batting: LHB Austin Ohmer 0-0: Called Strike
0-1: Swinging Strike
0-2: Ball
1-2: Ball
2-2: Ball
3-2: SOLO HOME RUN (Flyball, 89XD, EV 98.8 MPH), Distance : 395 ft
Batting: LHB Steve Anderson 0-0: Swinging Strike
0-1: Foul Ball, location: 2F
0-2: Strikes out swinging
Bottom of the 1st over - 1 run, 1 hit, 0 errors, 0 left on base; California 2 - Montreal 1
TOP OF THE 2ND
California Angels batting - Pitching for Montreal Expos : RHP Cheng-ho Hsu
Batting: LHB Micah Miller 0-0: Called Strike
0-1: Ball
1-1: SINGLE (Line Drive, 6D, EV 96.2 MPH)
Batting: RHB Avery Maxwell 0-0: Swinging Strike
0-1: Foul Ball, location: 2F
0-2: Strikes out swinging
Batting: RHB Ryan Munro 0-0: Ball
1-0: Foul Ball, location: 2F
1-1: SINGLE (Line Drive, 89M, EV 108.1 MPH)
Micah Miller to second
Batting: LHB Rusty Ney 0-0: Ball
1-0: Ball
2-0: Fielders Choice at 2nd, 6-4 (Groundball, 6, EV 105.0 MPH)
Micah Miller to third
Batting: RHB Nick Dunn 0-0: Foul Ball, location: 2F
0-1: Foul Ball, location: 2F
0-2: Foul Ball, location: 2F
0-2: Ball
1-2: SINGLE (Groundball, 56, EV 106.9 MPH)
Micah Miller scores
Rusty Ney to second
Runner from 2nd tries for 3rd, SAFE, throw by LF made to third
Batting: RHB Preston Deakyne 0-0: Foul Ball, location: 2F
0-1: Ball
1-1: SINGLE (Flyball, 8LS, EV 83.8 MPH)
Rusty Ney scores
Nick Dunn to second
Batting: LHB Mark Reeg 0-0: Called Strike
0-1: Ball
1-1: Called Strike
1-2: Strikes out swinging
Top of the 2nd over - 2 runs, 4 hits, 0 errors, 2 left on base; California 4 - Montreal 1
BOTTOM OF THE 2ND
Montreal Expos batting - Pitching for California Angels : RHP Harambe Vick
Batting: SHB Lou Kroneman 0-0: Ball
1-0: Ball
2-0: Called Strike
2-1: Ball
3-1: Called Strike
3-2: Foul Ball, location: 2F
3-2: Base on Balls
Batting: RHB Jonathan Fraire 0-0: Called Strike
0-1: Foul Ball, location: 2F
0-2: Ball
1-2: Ball
2-2: Ball
3-2: Grounds into double play, 6-4-3 (Groundball, 6, EV 79.4 MPH)
Batting: RHB John Ham 0-0: Ground out 2-3 (Groundball, 15S, EV 72.5 MPH)
Bottom of the 2nd over - 0 runs, 0 hits, 0 errors, 0 left on base; California 4 - Montreal 1
TOP OF THE 3RD
California Angels batting - Pitching for Montreal Expos : RHP Cheng-ho Hsu
Batting: RHB Alain Delhaye 0-0: Ball
1-0: Foul Ball, location: 2F
1-1: Ball
2-1: Swinging Strike
2-2: Ball
3-2: Base on Balls
Batting: LHB Jonathon Walton 0-0: Ball
1-0: Ball
2-0: Ball
3-0: Called Strike
3-1: Called Strike
3-2: Foul Ball, location: 2F
3-2: Grounds into double play, 6-4-3 (Groundball, 6, EV 82.5 MPH)
Batting: LHB Micah Miller 0-0: Ball
1-0: Fly out, F7 (Flyball, 7S, EV 83.1 MPH)
Top of the 3rd over - 0 runs, 0 hits, 0 errors, 0 left on base; California 4 - Montreal 1
BOTTOM OF THE 3RD
Montreal Expos batting - Pitching for California Angels : RHP Harambe Vick
Batting: RHB EugĂȘnio Asceno 0-0: Called Strike
0-1: Ground out 5-3 (Groundball, 56, EV 108.8 MPH)
Batting: RHB Tommie Eaton 0-0: Foul Ball, location: 2F
0-1: Ball
1-1: Ball
2-1: Fly out, F8 (Flyball, 8RD, EV 90.0 MPH)
Batting: LHB Mark Marvin 0-0: Ball
1-0: DOUBLE (Line Drive, 89M, EV 98.1 MPH)
Batting: RHB Steve French 0-0: Fly out, F8 (Flyball, 8LXD, EV 98.1 MPH)
Bottom of the 3rd over - 0 runs, 1 hit, 0 errors, 1 left on base; California 4 - Montreal 1
TOP OF THE 4TH
California Angels batting - Pitching for Montreal Expos : RHP Cheng-ho Hsu
Batting: RHB Avery Maxwell 0-0: Ground out 3-1 (Groundball, 34S, EV 83.1 MPH)
Batting: RHB Ryan Munro 0-0: Called Strike
0-1: Swinging Strike
0-2: Strikes out swinging
Batting: LHB Rusty Ney 0-0: Swinging Strike
0-1: Foul Ball, location: 2F
0-2: Ball
1-2: Fly out, F3 (Line Drive, 34, EV 74.4 MPH)
Top of the 4th over - 0 runs, 0 hits, 0 errors, 0 left on base; California 4 - Montreal 1
BOTTOM OF THE 4TH
Montreal Expos batting - Pitching for California Angels : RHP Harambe Vick
Batting: LHB Austin Ohmer 0-0: Fly out, F8 (Flyball, 78M, EV 96.9 MPH)
Batting: LHB Steve Anderson 0-0: Ball
1-0: Foul Ball, location: 2F
1-1: Ball
2-1: Ball
3-1: Base on Balls
Batting: SHB Lou Kroneman 0-0: Ball
1-0: Ball
2-0: Ball
3-0: Called Strike
3-1: Called Strike
3-2: Strikes out swinging
Batting: RHB Jonathan Fraire 0-0: Foul Ball, location: 2F
0-1: Ball
1-1: Called Strike
1-2: Foul Ball, location: 2F
1-2: Ball
2-2: Ball
3-2: Foul Ball, location: 2F
3-2: Foul Ball, location: 2F
3-2: Foul Ball, location: 2F
3-2: Strikes out swinging
Bottom of the 4th over - 0 runs, 0 hits, 0 errors, 1 left on base; California 4 - Montreal 1
TOP OF THE 5TH
California Angels batting - Pitching for Montreal Expos : RHP Cheng-ho Hsu
Batting: RHB Nick Dunn 0-0: Called Strike
0-1: SINGLE (Groundball, 56S, EV 62.5 MPH) (infield hit)
Batting: RHB Preston Deakyne 0-0: 2-RUN HOME RUN (Flyball, 78XD, EV 113.1 MPH), Distance : 444 ft
Pitching: LHP Kyle Schlosschlonghair
Batting: LHB Mark Reeg 0-0: Ball
1-0: Ball
2-0: Fly out, F9 (Flyball, 89M, EV 83.1 MPH)
Batting: RHB Alain Delhaye 0-0: Called Strike
0-1: Ball
1-1: Ground out 4-3 (Groundball, 4MD, EV 104.4 MPH)
Batting: LHB Jonathon Walton 0-0: Called Strike
0-1: Ball
1-1: Ball
2-1: Ball
3-1: Foul Ball, location: 2F
3-2: Fly out, F7 (Flyball, 7D, EV 105.6 MPH)
Top of the 5th over - 2 runs, 2 hits, 0 errors, 0 left on base; California 6 - Montreal 1
BOTTOM OF THE 5TH
Montreal Expos batting - Pitching for California Angels : RHP Harambe Vick
Batting: RHB John Ham 0-0: Fly out, F7 (Flyball, 7, EV 77.5 MPH)
Batting: RHB EugĂȘnio Asceno 0-0: Ball
1-0: Ball
2-0: Foul Ball, location: 2F
2-1: Swinging Strike
2-2: Strikes out looking
Batting: RHB Tommie Eaton 0-0: Called Strike
0-1: Foul Ball, location: 2F
0-2: Ball
1-2: Fly out, F8 (Flyball, 8RD, EV 103.8 MPH)
Bottom of the 5th over - 0 runs, 0 hits, 0 errors, 0 left on base; California 6 - Montreal 1
TOP OF THE 6TH
California Angels batting - Pitching for Montreal Expos : LHP Kyle Schlosschlonghair
Batting: LHB Micah Miller 0-0: Ball
1-0: Ball
2-0: Swinging Strike
2-1: Ground out 4-3 (Groundball, 4M, EV 100.6 MPH)
Batting: RHB Avery Maxwell 0-0: Ball
1-0: Ball
2-0: Ground out 5-3 (Groundball, 5S, EV 71.2 MPH)
Batting: RHB Ryan Munro 0-0: Swinging Strike
0-1: Ball
1-1: Ball
2-1: Fly out, F8 (Flyball, 8RXD, EV 105.6 MPH)
Top of the 6th over - 0 runs, 0 hits, 0 errors, 0 left on base; California 6 - Montreal 1
BOTTOM OF THE 6TH
Montreal Expos batting - Pitching for California Angels : RHP Harambe Vick
Batting: LHB Mark Marvin 0-0: Ball
1-0: Foul Ball, location: 2F
1-1: Reached via error on a dropped throw from 1B, E1 (Groundball, 34S, EV 89.4 MPH)
Batting: RHB Steve French 0-0: Called Strike
0-1: Foul Ball, location: 2F
0-2: Foul Ball, location: 2F
0-2: Strikes out swinging
Batting: LHB Austin Ohmer 0-0: Foul Ball, location: 2F
0-1: Ball
1-1: Called Strike
1-2: Ball
2-2: TRIPLE (Flyball, 89XD, EV 93.1 MPH)
Mark Marvin scores
Batting: LHB Steve Anderson 0-0: Ball
1-0: Ball
2-0: Ball
3-0: Foul Ball, location: 2F
3-1: Swinging Strike
3-2: Strikes out swinging
Pitching: LHP Steve Cooper
Batting: SHB Lou Kroneman 0-0: Ball
1-0: Ground out 4-3 (Groundball, 34, EV 111.2 MPH)
Bottom of the 6th over - 1 run, 1 hit, 1 error, 1 left on base; California 6 - Montreal 2
TOP OF THE 7TH
California Angels batting - Pitching for Montreal Expos : LHP Kyle Schlosschlonghair
Batting: LHB Rusty Ney 0-0: Fly out, F8 (Line Drive, 8RS, EV 87.5 MPH)
Batting: RHB Nick Dunn 0-0: Called Strike
0-1: Ground out 6-3 (Groundball, 6S, EV 83.1 MPH)
Batting: RHB Preston Deakyne 0-0: Ball
1-0: Foul Ball, location: 2F
1-1: Foul Ball, location: 2F
1-2: Strikes out looking
Top of the 7th over - 0 runs, 0 hits, 0 errors, 0 left on base; California 6 - Montreal 2
BOTTOM OF THE 7TH
Montreal Expos batting - Pitching for California Angels : LHP Steve Cooper
Batting: RHB Jonathan Fraire 0-0: Called Strike
0-1: Swinging Strike
0-2: Strikes out swinging passed ball, reaches first!
Batting: RHB John Ham 0-0: Called Strike
0-1: Ball
1-1: Ball
2-1: Ball
3-1: Fly out, F9 (Flyball, 9D, EV 95.6 MPH)
Batting: RHB EugĂȘnio Asceno 0-0: Called Strike
0-1: Swinging Strike
0-2: Hit by Pitch
Jonathan Fraire to second
Pitching: RHP Bryan Banana
Pinch Hitting: LHB Bill McGregor 0-0: Called Strike
0-1: Called Strike
0-2: Strikes out swinging
Batting: LHB Mark Marvin 0-0: Ball
1-0: Ball
2-0: Ground out 4-3 (Groundball, 13, EV 86.2 MPH)
Bottom of the 7th over - 0 runs, 0 hits, 0 errors, 2 left on base; California 6 - Montreal 2
TOP OF THE 8TH
California Angels batting - Pitching for Montreal Expos : LHP Kyle Schlosschlonghair
Now at SS: Danny Diaz
Batting: LHB Mark Reeg 0-0: Ball
1-0: Ball
2-0: SOLO HOME RUN (Line Drive, 7D, EV 99.4 MPH), Distance : 367 ft
Batting: RHB Alain Delhaye 0-0: Foul Ball, location: 2F
0-1: Foul Ball, location: 2F
0-2: Ball
1-2: Strikes out swinging
Batting: LHB Jonathon Walton 0-0: Ball
1-0: Ball
2-0: Foul Ball, location: 2F
2-1: Swinging Strike
2-2: Ball
3-2: Fly out, F8 (Line Drive, 8RD, EV 96.9 MPH)
Batting: LHB Micah Miller 0-0: Ball
1-0: Called Strike
1-1: Ball
2-1: Foul Ball, location: 2F
2-2: Ball
3-2: Fly out, F7 (Flyball, 7D, EV 88.8 MPH)
Top of the 8th over - 1 run, 1 hit, 0 errors, 0 left on base; California 7 - Montreal 2
BOTTOM OF THE 8TH
Montreal Expos batting - Pitching for California Angels : RHP Bryan Banana
Batting: RHB Steve French 0-0: Fly out, F7 (Flyball, 7LM, EV 90.6 MPH)
Batting: LHB Austin Ohmer 0-0: Swinging Strike
0-1: SINGLE (Groundball, 6MD, EV 107.5 MPH)
Batting: LHB Steve Anderson 0-0: Foul Ball, location: 2F
0-1: Ball
1-1: Ball
2-1: Ball
3-1: Called Strike
3-2: Foul Ball, location: 2F
3-2: Strikes out swinging
Austin Ohmer steals 2nd base
Batter strikes out.
Batting: SHB Lou Kroneman 0-0: Ball
1-0: Ball
2-0: Swinging Strike
2-1: Swinging Strike
2-2: Foul Ball, location: 2F
2-2: Ball
3-2: Ground out 4-3 (Groundball, 4, EV 79.4 MPH)
Bottom of the 8th over - 0 runs, 1 hit, 0 errors, 1 left on base; California 7 - Montreal 2
TOP OF THE 9TH
California Angels batting - Pitching for Montreal Expos : LHP Kyle Schlosschlonghair
Batting: RHB Avery Maxwell 0-0: Foul Ball, location: 2F
0-1: SINGLE (Line Drive, 7LS, EV 106.2 MPH)
Batting: RHB Ryan Munro 0-0: Ball
1-0: Swinging Strike
1-1: Swinging Strike
1-2: Strikes out swinging
Batting: LHB Rusty Ney 0-0: Ball
1-0: Foul Ball, location: 2F
1-1: Called Strike
1-2: Strikes out looking
Pitching: RHP Joel Montenegro
Batting: RHB Nick Dunn 0-0: Swinging Strike
0-1: Called Strike
0-2: Ball
1-2: Ball
2-2: Ball
3-2: Base on Balls
Avery Maxwell to second
Batting: RHB Preston Deakyne 0-0: Ball
1-0: Swinging Strike
1-1: Foul Ball, location: 2F
1-2: Strikes out swinging
Top of the 9th over - 0 runs, 1 hit, 0 errors, 2 left on base; California 7 - Montreal 2
BOTTOM OF THE 9TH
Montreal Expos batting - Pitching for California Angels : RHP Bryan Banana
Batting: RHB Jonathan Fraire 0-0: Ball
1-0: Foul Ball, location: 2F
1-1: SINGLE (Line Drive, 9LS, EV 88.1 MPH)
Pitching: RHP Erick Vazquez
Batting: RHB John Ham 0-0: Ball
1-0: Foul Ball, location: 2F
1-1: Foul Ball, location: 2F
1-2: Ball
2-2: Ball
3-2: Foul Ball, location: 2F
3-2: Base on Balls
Jonathan Fraire to second
Pinch Hitting: SHB Joey Pacheco 0-0: Ball
1-0: SINGLE (Groundball, 4D, EV 101.9 MPH)
Jonathan Fraire to third
John Ham to second
Batting: RHB Danny Diaz 0-0: Ball
1-0: Called Strike
1-1: Foul Ball, location: 2F
1-2: Ball
2-2: Fly out, F9 (Flyball, 9, EV 93.1 MPH)
Runner from 3rd tags up, SCORES, no throw by RF
Pitching: LHP George Poirier
Pinch Hitting: RHB Tommy Mize 0-0: Called Strike
0-1: Hit by Pitch
John Ham to third
Joey Pacheco to second
Batting: RHB Steve French 0-0: Ball
1-0: Ball
2-0: Ball
3-0: Base on Balls
John Ham scores
Joey Pacheco to third
Tommy Mize to second
Batting: LHB Austin Ohmer 0-0: Foul Ball, location: 2F
0-1: Ball
1-1: Foul Ball, location: 2F
1-2: Ball
2-2: Grounds into double play, 5-4-3 (Groundball, 6, EV 83.8 MPH)
Bottom of the 9th over - 2 runs, 2 hits, 0 errors, 2 left on base; California 7 - Montreal 4
Sunday, July 16th , 2023 - OOTP Baseball 24.6 Build 69